 Dungeon Crawl Stone Soup version 0.29.0-15-g675c0067aa (webtiles) character file.

Game seed: 2242427676927485857

15 qw the Sneak (level 2, -2/19 HPs)
             Began as a Gargoyle Delver on Sept 11, 2022.
             Slain by an orc
             ... wielding a +0 war axe of freezing
              (9 damage)
             ... on level 4 of the Dungeon.
             The game lasted 00:00:10 (328 turns).

qw the Sneak (Gargoyle Delver)                       Turns: 328, Time: 00:00:11

Health: -2/19      AC:  5    Str: 15    XL:     2   Next: 50%
Magic:  2/2        EV: 11    Int: 10    God:
Gold:   16         SH:  0    Dex: 11    Spells: 1/1 levels left

rFire   . . .      SeeInvis .   a - +0 hand axe
rCold   . . .      Faith    .   (no shield)
rNeg    + . .      Spirit   .   b - +0 leather armour
rPois   inf        Reflect  .   (no helmet)
rElec   +          Harm     .   (no cloak)
rCorr   .          Rampage  .   (no gloves)
Will    .....                   (no boots)
Stlth   +++.......              (no amulet)
HPRegen 0.06/turn               (no ring)
MPRegen 0.08/turn               (no ring)

@: no status effects
A: sickness immunity, AC +2, negative energy resistance 1, electricity
resistance, torment resistance 1, petrification resistance
a: no special abilities


You were on level 4 of the Dungeon.
You visited 1 branch of the dungeon, and saw 2 of its levels.

You collected 16 gold pieces.


Innate Abilities, Weirdness & Mutations

You are immune to sickness and miasma.
Your stone body is resilient. (AC +2)
You are immune to poison.
You resist negative energy. (rN+)
You are resistant to electric shocks. (rElec)
You are resistant to unholy torment.
You are immune to petrification.


   Skills:
 - Level 3.2 Fighting
 + Level 2.7 Axes
 - Level 1.5 Dodging
 - Level 5.4 Stealth


You had one spell level left.
You didn't know any spells.
Your spell library was empty.

Inventory:

Hand Weapons
 a - a +0 hand axe (weapon)
 i - a +0 mace
Armour
 b - a +0 leather armour (worn)
 j - a +0 scale mail
Wands
 g - a wand of digging (3)
Scrolls
 c - 2 scrolls of identify {unknown}
 d - a scroll of summoning {unknown}
Potions
 e - a potion of curing {unknown}
 f - a potion of haste
 h - a potion of mutation {unknown}

Dungeon Overview and Level Annotations

Branches:
Dungeon (5/15)
 Temple: D:4-7

Altars:


Message History

You see here a quokka corpse.
A ball python comes into view.
The ball python hisses angrily.
You barely miss the ball python.
The ball python bites you but does no damage.
The ball python grabs you. The ball python constricts you.
You hit the ball python.
You kill the ball python!
An orc priest comes into view. It is wielding a +0 short sword.
Found a quarterstaff.
You enter a teleport trap!
The teleport trap disappears.
Your surroundings suddenly seem different.
You open the door. 3 orcs come into view.
An orc is wielding a +0 war axe of freezing.
An orc wizard comes into view. It is wielding a +0 dagger.
The orc wizard shouts!
The orc shouts!
There is an open door here.
The orc priest shouts!
You hit the orc.
The orc is moderately wounded.
The orc barely misses you. x2
The orc wizard hits you but does no damage.
The orc closely misses you.
The orc hits you with a +0 war axe of freezing!
The orc freezes you.
You hit the orc but do no damage.
The orc is moderately wounded.
You hit the orc wizard. You hit the orc. The orc misses you.
The orc wizard closely misses you. The orc hits you but does no damage.
The orc barely misses you.
You barely miss the orc.
The orc is heavily wounded.
You hit the orc but do no damage. You closely miss the orc wizard.
The orc hits you from afar with a +0 trident.
The orc wizard hits you with a +0 dagger.
The orc priest looks encouraged for a moment.
The orc hits you with a +0 club.
The orc hits you with a +0 war axe of freezing!
You die...

###.
###..........+
+..........#
#........###
#........#
+........#
...?......#
#######.......#
#.....#o....).#
#.....@oo.....+
#.....#o......
#.....#o......
#######.######
.# ##


You could see an orc priest, an orc wizard and 3 orcs.

Vanquished Creatures
  An adder (D:4)
  An orc (D:4)
  A ball python (D:4)
  A giant cockroach (D:4)
  A quokka (D:4)
5 creatures vanquished.

Notes
Turn   | Place    | Note
-------+----------+-------------------------------------------
     0 | D:5      | qw the Gargoyle Delver began the quest for the Orb.
     0 | D:5      | Reached XP level 1. HP: 14/14 MP: 1/1
     0 | D:5      | 0 ||| qw: Version: 0.1-a-117-gfe26ee0
     0 | D:5      | 0 ||| qw: Game counter: 9873
     0 | D:5      | 0 ||| qw: Always use a shield: true
     0 | D:5      | 0 ||| qw: God list: Okawaru
     0 | D:5      | 0 ||| qw: Allow faded altars: false
     0 | D:5      | 0 ||| qw: Do Orc after D:15 true
     0 | D:5      | 0 ||| qw: Do second Lair branch before Depths: true
     0 | D:5      | 0 ||| qw: Lair rune preference: random
     0 | D:5      | 0 ||| qw: Plans: Normal
     0 | D:5      | 0 ||| PLANNING D:1-11
    28 | D:5      | 28 ||| DROPPING scroll of fog.
    29 | D:5      | 29 ||| DROPPING scroll of magic mapping.
    30 | D:5      | 30 ||| DROPPING scroll of fear.
   149 | D:4      | Reached XP level 2. HP: 16/19 MP: 2/2
   328 | D:4      | Slain by an orc

Levels and vault maps discovered:
D:4:      layout_basic, mainiacjoe_overflow_small_starburst, nrook_mini_vaults
D:5:      layout_gridville, mainiacjoe_overflow_24_doors,
          minmay_temple_entry_proselytizer, portal_sewer_entry_b,
          nicolae_sextant, serial_park_tiny_2, corexii_hall_statues_u,
          chequers_avenue, uniq_duvessa

Skill      XL: |  1 |
---------------+----+-----
Axes           | 2 |  2.7
Fighting       | |  3.2
Dodging        | |  1.5
Stealth        | |  5.4

Action                   || total
-------------------------++-------
Melee: Hand axe          ||    28
Armor: Leather armour    ||    14
Dodge: Dodged            ||    19

Table legend:
 A = Non-vault XP
 B = Vault XP
 C = Vault XP percentage of total XP
 D = Non-vault monster count
 E = Vault monster count
 F = Vault count percentage of total count
                 A         B        C        D         E       F
            +---------+---------+-------+---------+---------+-------
      Total |      22 |       0 |   0.0 |       5 |       0 |   0.0
            +---------+---------+-------+---------+---------+-------
        D:4 |      22 |       0 |   0.0 |       5 |       0 |   0.0
            +---------+---------+-------+---------+---------+-------
